TOP OF THE 1ST |
Santa Fe Diablos batting - Pitching for West Virginia Power : RHP Bill Hendricks
|
Pitching: RHP Bill Hendricks
|
|
Batting: RHB Félix Campos
|
0-0: Ball 1-0: Foul Ball, location: 2F 1-1: Called Strike 1-2: Ball 2-2: Foul Ball, location: 2F 2-2: Strikes out swinging
|
Batting: RHB Tony Barton
|
0-0: Foul Ball, location: 2F 0-1: SINGLE (Groundball, 4M) (infield hit)
|
Batting: LHB Arturo Rodledo
|
0-0: Ball Tony Barton is caught stealing 2nd base 1-0: Ball 2-0: Ball 3-0: Base on Balls
|
Batting: RHB Frank Martínez
|
0-0: Called Strike 0-1: Foul Ball, location: 2F 0-2: Ball 1-2: Ball 2-2: Foul Ball, location: 2F 2-2: Foul Ball, location: 2F 2-2: Foul Ball, location: 2F 2-2: Foul Ball, location: 2F 2-2: Fly out, F6 (Line Drive, 6M)
|
Top of the 1st over - 0 run(s), 1 hit(s), 0 error(s), 1 left on base; Santa Fe 0 - West Virginia 0 |
BOTTOM OF THE 1ST |
West Virginia Power batting - Pitching for Santa Fe Diablos : RHP Orlando Cruz
|
Pitching: RHP Orlando Cruz
|
|
Batting: RHB Luis Quezada
|
0-0: Ball 1-0: Ball 2-0: Ball 3-0: Called Strike 3-1: Base on Balls
|
Batting: LHB Wally Harris
|
0-0: Ball 1-0: Called Strike 1-1: Swinging Strike 1-2: Foul Ball, location: 2F 1-2: Ball 2-2: Fly out, F7 (Flyball, 78S)
|
Batting: RHB Kelly Graham
|
0-0: Ground out 4-3 (Groundball, 4) Luis Quezada to second
|
Batting: SHB Thomas Simmons
|
0-0: Ball 1-0: Foul Ball, location: 2F 1-1: Fly out, F7 (Flyball, 78M)
|
Bottom of the 1st over - 0 run(s), 0 hit(s), 0 error(s), 1 left on base; Santa Fe 0 - West Virginia 0 |
TOP OF THE 2ND |
Santa Fe Diablos batting - Pitching for West Virginia Power : RHP Bill Hendricks
|
Batting: LHB Javier Martínez
|
0-0: Foul Ball, location: 2F 0-1: Ball 1-1: Ball 2-1: Swinging Strike 2-2: Foul Ball, location: 2F 2-2: Strikes out swinging
|
Batting: LHB Luis Torres
|
0-0: Ball 1-0: Called Strike 1-1: Fly out, F7 (Flyball, 7LMF)
|
Batting: SHB Ed Dundee
|
0-0: Ball 1-0: Foul Ball, location: 2F 1-1: Swinging Strike 1-2: SINGLE (Line Drive, 34D)
|
Batting: RHB Carlos Hernández
|
0-0: Ball 1-0: Ball 2-0: Called Strike Ed Dundee is caught stealing 2nd base
|
Top of the 2nd over - 0 run(s), 1 hit(s), 0 error(s), 0 left on base; Santa Fe 0 - West Virginia 0 |
BOTTOM OF THE 2ND |
West Virginia Power batting - Pitching for Santa Fe Diablos : RHP Orlando Cruz
|
Batting: RHB Blair Whitehead
|
0-0: Called Strike 0-1: Ball 1-1: Ball 2-1: SINGLE (Flyball, 7S)
|
Batting: RHB Will Stafford
|
0-0: Ball 1-0: Swinging Strike 1-1: Swinging Strike 1-2: Strikes out swinging
|
Batting: LHB Jorge Luna
|
0-0: Called Strike 0-1: Called Strike 0-2: Ball 1-2: Grounds into double play, 5-4-3 (Groundball, 56)
|
Bottom of the 2nd over - 0 run(s), 1 hit(s), 0 error(s), 0 left on base; Santa Fe 0 - West Virginia 0 |
TOP OF THE 3RD |
Santa Fe Diablos batting - Pitching for West Virginia Power : RHP Bill Hendricks
|
Batting: RHB Carlos Hernández
|
0-0: Ball 1-0: Ball 2-0: Ball 3-0: Called Strike 3-1: Base on Balls
|
Batting: RHB Roberto Rodríguez
|
0-0: Foul Ball, location: 2F 0-1: Ball 1-1: Grounds into double play, 6-4-3 (Groundball, 6)
|
Batting: RHB Félix Campos
|
0-0: Ball 1-0: Called Strike 1-1: SINGLE (Flyball, 7S)
|
Batting: RHB Tony Barton
|
0-0: Called Strike 0-1: Ball 1-1: Ball 2-1: Ball 3-1: Fielders Choice at 2nd, 4-6 (Groundball, 4)
|
Top of the 3rd over - 0 run(s), 1 hit(s), 0 error(s), 0 left on base; Santa Fe 0 - West Virginia 0 |
BOTTOM OF THE 3RD |
West Virginia Power batting - Pitching for Santa Fe Diablos : RHP Orlando Cruz
|
Batting: RHB Millard Walker
|
0-0: Called Strike 0-1: Ball 1-1: Ball 2-1: Swinging Strike 2-2: Strikes out looking
|
Batting: RHB Matt Tucker
|
0-0: Ball 1-0: Ground out 6-3 (Groundball, 6)
|
Batting: RHB Luis Quezada
|
0-0: Ball 1-0: Ball 2-0: Ball 3-0: Called Strike 3-1: Swinging Strike 3-2: Ground out 5-3 (Groundball, 5L)
|
Bottom of the 3rd over - 0 run(s), 0 hit(s), 0 error(s), 0 left on base; Santa Fe 0 - West Virginia 0 |
TOP OF THE 4TH |
Santa Fe Diablos batting - Pitching for West Virginia Power : RHP Bill Hendricks
|
Batting: LHB Arturo Rodledo
|
0-0: Swinging Strike 0-1: Ball 1-1: Called Strike 1-2: Foul Ball, location: 2F 1-2: Ball 2-2: Strikes out looking
|
Batting: RHB Frank Martínez
|
0-0: Ball 1-0: Ball 2-0: SINGLE (Groundball, 56D)
|
Batting: LHB Javier Martínez
|
0-0: Ball 1-0: Ball 2-0: Swinging Strike 2-1: Fly out, F4 (Line Drive, 4)
|
Batting: LHB Luis Torres
|
0-0: Ground out 3-1 (Groundball, 2R)
|
Top of the 4th over - 0 run(s), 1 hit(s), 0 error(s), 1 left on base; Santa Fe 0 - West Virginia 0 |
BOTTOM OF THE 4TH |
West Virginia Power batting - Pitching for Santa Fe Diablos : RHP Orlando Cruz
|
Batting: LHB Wally Harris
|
0-0: Ball 1-0: Called Strike 1-1: Ball 2-1: Ball 3-1: Base on Balls
|
Batting: RHB Kelly Graham
|
0-0: Called Strike Wally Harris steals 2nd base 0-1: Fly out, F7 (Flyball, 78S)
|
Batting: SHB Thomas Simmons
|
0-0: Called Strike 0-1: Ball 1-1: Swinging Strike 1-2: Foul Ball, location: 2F 1-2: Strikes out swinging
|
Batting: RHB Blair Whitehead
|
0-0: Swinging Strike 0-1: Ball 1-1: Ball 2-1: Ball 3-1: Base on Balls
|
Batting: RHB Will Stafford
|
0-0: Swinging Strike 0-1: Ball 1-1: Foul Ball, location: 2F 1-2: Ball 2-2: Ball 3-2: Strikes out looking
|
Bottom of the 4th over - 0 run(s), 0 hit(s), 0 error(s), 2 left on base; Santa Fe 0 - West Virginia 0 |
TOP OF THE 5TH |
Santa Fe Diablos batting - Pitching for West Virginia Power : RHP Bill Hendricks
|
Batting: SHB Ed Dundee
|
0-0: Ball 1-0: Ball 2-0: Called Strike 2-1: Called Strike 2-2: Strikes out swinging
|
Batting: RHB Carlos Hernández
|
0-0: Ball 1-0: Ball 2-0: Ball 3-0: Called Strike 3-1: Fly out, F7 (Flyball, 7)
|
Batting: RHB Roberto Rodríguez
|
0-0: Called Strike 0-1: Called Strike 0-2: Ball 1-2: SINGLE (Line Drive, 89S)
|
Batting: RHB Félix Campos
|
0-0: Swinging Strike 0-1: SINGLE (Line Drive, 4D) Roberto Rodríguez to second
|
Batting: RHB Tony Barton
|
0-0: Called Strike 0-1: Foul Ball, location: 2F 0-2: Strikes out swinging
|
Top of the 5th over - 0 run(s), 2 hit(s), 0 error(s), 2 left on base; Santa Fe 0 - West Virginia 0 |
BOTTOM OF THE 5TH |
West Virginia Power batting - Pitching for Santa Fe Diablos : RHP Orlando Cruz
|
Batting: LHB Jorge Luna
|
0-0: Ball 1-0: Ball 2-0: Called Strike 2-1: Ball 3-1: Ground out 4-3 (Groundball, 4)
|
Batting: RHB Millard Walker
|
0-0: Foul Ball, location: 2F 0-1: Ball 1-1: Ball 2-1: Foul Ball, location: 2F 2-2: Foul Ball, location: 2F 2-2: Ball 3-2: DOUBLE (Line Drive, 9LM)
|
Batting: RHB Matt Tucker
|
0-0: Ball 1-0: Foul Ball, location: 2F 1-1: Ball 2-1: Foul Ball, location: 2F 2-2: Ball 3-2: Base on Balls
|
Batting: RHB Luis Quezada
|
0-0: Called Strike 0-1: Called Strike 0-2: Ball 1-2: Foul Ball, location: 2F 1-2: Foul Ball, location: 2F 1-2: Fly out, F5 (Popup, 5S)
|
Batting: LHB Wally Harris
|
0-0: Ball 1-0: Ball 2-0: Ball 3-0: Base on Balls Millard Walker to third Matt Tucker to second
|
Batting: RHB Kelly Graham
|
0-0: Ball 1-0: SINGLE (Line Drive, 7S) Millard Walker scores Matt Tucker to third Wally Harris to second Runner from 3rd tries for Home, SAFE, throw made at trailing runner, OUT at third!
|
Bottom of the 5th over - 2 run(s), 2 hit(s), 0 error(s), 1 left on base; Santa Fe 0 - West Virginia 2 |
TOP OF THE 6TH |
Santa Fe Diablos batting - Pitching for West Virginia Power : RHP Bill Hendricks
|
Batting: LHB Arturo Rodledo
|
0-0: Ground out 4-3 (Groundball, 4)
|
Batting: RHB Frank Martínez
|
0-0: Ball 1-0: DOUBLE (Line Drive, 78M)
|
Batting: LHB Javier Martínez
|
0-0: Called Strike 0-1: Foul Ball, location: 2F 0-2: Foul Ball, location: 2F 0-2: Ball 1-2: Foul Ball, location: 2F 1-2: Strikes out swinging
|
Pitching: RHP Mark Osborne
|
|
Batting: LHB Luis Torres
|
0-0: Ball 1-0: SINGLE (Groundball, 34S) (infield hit) Frank Martínez to third
|
Batting: SHB Ed Dundee
|
0-0: Ball 1-0: Called Strike 1-1: Called Strike 1-2: Strikes out looking
|
Top of the 6th over - 0 run(s), 2 hit(s), 0 error(s), 2 left on base; Santa Fe 0 - West Virginia 2 |
BOTTOM OF THE 6TH |
West Virginia Power batting - Pitching for Santa Fe Diablos : RHP Orlando Cruz
|
Pitching: RHP Manuel Zarate
|
|
Batting: SHB Thomas Simmons
|
0-0: Ball 1-0: Called Strike 1-1: Foul Ball, location: 2F 1-2: Ball 2-2: Strikes out looking
|
Batting: RHB Blair Whitehead
|
0-0: Called Strike 0-1: Foul Ball, location: 2F 0-2: Ball 1-2: Ground out 6-3 (Groundball, 6)
|
Batting: RHB Will Stafford
|
0-0: Ball 1-0: Ball 2-0: Swinging Strike 2-1: Swinging Strike 2-2: Ball 3-2: Base on Balls
|
Batting: LHB Jorge Luna
|
0-0: Called Strike 0-1: Foul Ball, location: 2F 0-2: Ball 1-2: Ball 2-2: Foul Ball, location: 2F 2-2: Strikes out looking
|
Bottom of the 6th over - 0 run(s), 0 hit(s), 0 error(s), 1 left on base; Santa Fe 0 - West Virginia 2 |
TOP OF THE 7TH |
Santa Fe Diablos batting - Pitching for West Virginia Power : RHP Pedro Alvarado
|
Pitching: RHP Pedro Alvarado
|
|
Batting: RHB Carlos Hernández
|
0-0: Ball 1-0: Called Strike 1-1: Ball 2-1: Fly out, F3 (Popup, 3S)
|
Batting: RHB Roberto Rodríguez
|
0-0: Called Strike 0-1: Called Strike 0-2: Foul Ball, location: 2F 0-2: Strikes out swinging
|
Batting: RHB Félix Campos
|
0-0: Swinging Strike 0-1: Ball 1-1: Ball 2-1: Reached on error, E9 (Flyball, 9S)
|
Batting: RHB Tony Barton
|
0-0: Swinging Strike 0-1: Ground out 6-3 (Groundball, 56)
|
Top of the 7th over - 0 run(s), 0 hit(s), 1 error(s), 1 left on base; Santa Fe 0 - West Virginia 2 |
BOTTOM OF THE 7TH |
West Virginia Power batting - Pitching for Santa Fe Diablos : RHP Manuel Zarate
|
Batting: RHB Millard Walker
|
0-0: Ground out 5-3 (Groundball, 56)
|
Batting: RHB Matt Tucker
|
0-0: Ball 1-0: Foul Ball, location: 2F 1-1: Ball 2-1: Ball 3-1: Ground out 4-3 (Groundball, 34)
|
Batting: RHB Luis Quezada
|
0-0: Ball 1-0: Foul Ball, location: 2F 1-1: SINGLE (Groundball, 6MD)
|
Batting: LHB Wally Harris
|
0-0: Ball Luis Quezada steals 2nd base 1-0: Swinging Strike 1-1: Foul Ball, location: 2F 1-2: Ball 2-2: Ball 3-2: Strikes out swinging
|
Bottom of the 7th over - 0 run(s), 1 hit(s), 0 error(s), 1 left on base; Santa Fe 0 - West Virginia 2 |
TOP OF THE 8TH |
Santa Fe Diablos batting - Pitching for West Virginia Power : RHP Pedro Alvarado
|
Batting: LHB Arturo Rodledo
|
0-0: Called Strike 0-1: Called Strike 0-2: Fly out, F7 (Line Drive, 7)
|
Batting: RHB Frank Martínez
|
0-0: Swinging Strike 0-1: Called Strike 0-2: Strikes out swinging
|
Batting: LHB Javier Martínez
|
0-0: Called Strike 0-1: Foul Ball, location: 2F 0-2: Ball 1-2: Strikes out looking
|
Top of the 8th over - 0 run(s), 0 hit(s), 0 error(s), 0 left on base; Santa Fe 0 - West Virginia 2 |
BOTTOM OF THE 8TH |
West Virginia Power batting - Pitching for Santa Fe Diablos : RHP Manuel Zarate
|
Batting: RHB Kelly Graham
|
0-0: Called Strike 0-1: Foul Ball, location: 2F 0-2: Ground out 6-3 (Groundball, 6)
|
Batting: SHB Thomas Simmons
|
0-0: Ball 1-0: Ball 2-0: Ground out U3 (Groundball, 34)
|
Batting: RHB Blair Whitehead
|
0-0: Called Strike 0-1: Ball 1-1: Fly out, F9 (Flyball, 9S)
|
Bottom of the 8th over - 0 run(s), 0 hit(s), 0 error(s), 0 left on base; Santa Fe 0 - West Virginia 2 |
TOP OF THE 9TH |
Santa Fe Diablos batting - Pitching for West Virginia Power : RHP Pedro Alvarado
|
Pitching: RHP António Córdova
|
|
Batting: LHB Luis Torres
|
0-0: Foul Ball, location: 2F 0-1: Ball 1-1: Foul Ball, location: 2F 1-2: Strikes out swinging, 2-3 out at first.
|
Batting: SHB Ed Dundee
|
0-0: Ball 1-0: Ball 2-0: Called Strike 2-1: Swinging Strike 2-2: Foul Ball, location: 2F 2-2: Ball 3-2: Strikes out swinging
|
Batting: RHB Carlos Hernández
|
0-0: Ball 1-0: Ball 2-0: Foul Ball, location: 2F 2-1: Foul Ball, location: 2F 2-2: Foul Ball, location: 2F 2-2: Strikes out swinging
|
Top of the 9th over - 0 run(s), 0 hit(s), 0 error(s), 0 left on base; Santa Fe 0 - West Virginia 2 |
|